← All builds
Pond / Cortex / Economy first / OBSERVED BUILD

Shuriken air push

Cortex Pond build order · Supreme Isthmus

Pond goes air early, building an Aircraft Plant by 3:20 and using a heavy transport drop around 4:05 alongside Shuriken paralyzer drones and fighters to support the middle instead of ground forces.

Usually goes air (75%)

#air #drop #team support · 16 distinct matches · 6 players · 5% of Cortex Pond games · team won 50% of 16 · Recently observed

THE CATCH, AND WHAT COMES WITH IT
  • ShurikenT1 air support from 4:26 · 10% of role by thenFrom the Aircraft Plant. Only 10% of Pond games have it by then; others who build it get it around 4:51
  • Aircraft PlantAircraft Plant in 100%16% of all Pond games by then
  • HephaestusHeavy transport in 100%13% of all Pond games by then
  • ShurikenShuriken in 75%4% of all Pond games by then
  • ValiantValiant in 75%7% of all Pond games by then

Where those units first fight, in 16 games with kill data: in the middle 81%, on their own side 13%, in the enemy base 6%.

Then transitions into valiant (12% of army), grunt (11% of army).

HOW TO PLAY IT

Key timing: Aircraft Plant by 3:20

  1. Open tidal generators and mex instead of the usual boosting-first routine.
  2. Build Aircraft Plant early, well ahead of normal Pond timing.
  3. Pay for or use a transport to move army forward instead of boosting.
  4. Field Shuriken with Valiant fighters as your main support force.
  5. Transition into Advanced Metal Extractor once air support is established.

Phase by phase

TYPICAL OF ITS 16 GAMES · AGAINST STANDARD POND
  1. 1
  2. 2
  3. 3
PLAY THE OPENING

Follow the example game's first 6:00 step by step: what to build now, what comes next, and where it goes. At 1× it keeps pace with your own game.

  1. 1

    Up to the Aircraft Plant

    Economy
    • Metal Extractor4Mex
    • Tidal Generator8Tidalfor allies
    • Wind Turbine6Wind+2 vs standard
    • Energy Storage1Energy storage
    Order
    1. Aircraft PlantAircraft Plant after 4 mex, 6 wind, 1 energy storagedone ~3:38, middle half 3:28–3:57

    By 3:18 in all: 4 mex · 6 wind (standard 4) · 1 energy storage

    The example game in this phase · 7 steps
    1. Tidal ×9for Suicide front
    2. Wind ×2
    3. Mex ×4
    4. Wind
    5. Energy storage
    6. Wind
    7. Aircraft PlantAircraft Plantdone 3:29 · typical 3:38
  2. 2

    Aircraft Plant to T1 air support

    Order
    1. ShurikenT1 air support after 4 mex, 8 wind, 1 energy storage
    Army
    • Hephaestus1 Heavy transport

    Some games also: con aircraft (44%) · wind (44%) · con turret (31%)

    By 4:22 in all: 4 mex · 8 wind (standard 6) · 1 energy storage

    The example game in this phase · 2 steps
    1. HephaestusHeavy transport
    2. ShurikenShurikendone 3:55
  3. 3

    T1 air support to 10:00

    Economy
    • Wind Turbine17Wind+7 vs standard
    Order
    1. Aircraft PlantEat Aircraft Plant in 63% of games
    Builders
    • Construction Turret3 Con turret +3 vs standard
    Army
    • Shuriken12 Shuriken +12 vs standard
    • Valiant3 Valiant +3 vs standard

    Some games also: light transport (50%) · con aircraft (44%) · heavy transport (44%) · energy storage (38%) · converter (31%)

    The standard build makes here, this one skips: 3 converter

    By 10:00 in all: 4 mex · 24 wind (standard 17) · 1 energy storage · 3 con turret (standard 1)

    The example game in this phase · 109 steps
    1. ShurikenShuriken ×2
    2. Converter
    3. ShurikenShuriken
    4. Converter
    5. ShurikenShuriken ×3
    6. Converter
    7. ShurikenShuriken ×3
    8. Construction AircraftCon aircraft
    9. HephaestusHeavy transport
    10. Wind
    11. Con turret
    12. Wind ×9
    13. Advanced Metal ExtractorT2 mexdone 7:45 · typical 8:26
    14. Wind ×3
    15. Con turret
    16. Wind ×2
    17. Aircraft PlantEat Aircraft Plantreclaimed for its metal
    18. Wind ×2
    19. Advanced Metal ExtractorT2 mex
    20. Wind ×3
    21. Advanced Metal ExtractorT2 mex
    22. Con turret
    23. Advanced Metal ExtractorT2 mex
    24. Bot LabBot Labdone 9:33
    25. Construction BotCon bot ×7
    26. Wind
    27. Construction BotCon bot ×3
    28. TickTick ×2
    29. Wind
    30. TickTick ×8
    31. Wind
    32. TickTick ×8
    33. Wind
    34. TickTick ×7
    35. Wind
    36. TickTick ×5
    37. Wind
    38. TickTick ×5
    39. Wind
    40. TickTick ×4
    41. Wind
    42. TickTick ×4
    43. Wind
    44. TickTick ×5
    45. Wind
    46. TickTick ×3
    47. Wind
    48. TickTick ×5
    49. Wind
    50. TickTick ×2
    51. Wind
    52. TickTick ×5
    53. Wind
    54. TickTick ×3
    55. Wind
    56. TickTick ×4
    57. Wind
    58. TickTick ×2
    59. Wind
    60. TickTick ×6
    61. Wind
    62. TickTick ×2
    63. Wind ×2
    64. TickTick ×4
    65. Wind
    66. TickTick
    67. Wind
    68. TickTick
    69. Wind
    70. T2 converter
    71. Con turret
    72. TickTick
    73. Wind
    74. Con turret
    75. TickTick
    76. Wind ×2
    77. TickTick
    78. Con turret
    79. Wind
    80. Con turret
    81. TickTick
    82. Wind ×2
    83. TickTick
    84. Wind
    85. Con turret
    86. Wind ×2
    87. TickTick
    88. Wind
    89. Con turret
    90. Wind
    91. Fusion ReactorFusiondone 13:47
    92. TickTick
    93. Wind
    94. TickTick
    95. Wind ×3
    96. TickTick
    97. Wind
    98. TickTick
    99. Wind ×4
    100. TickTick ×2
    101. Wind ×4
    102. TickTick
    103. Con turret
    104. TickTick
    105. Con turret
    106. Wind ×2
    107. TickTick
    108. Wind ×2
    109. Con turret

Counts are medians over the build's games: half of them build more, half fewer. The example game is krtf's (42 OS, 11/09/2026); pick another.

Team trades

IN AT LEAST 30% OF ITS GAMES

You hand over

  • Tidal Generator8 Tidal to Suicide front or Frontfirst at 0:13 · in 75% of games

You get

  • Advanced Construction Bot1 T2 con bot from Techfirst at 6:53 · in 75% of games

How it plays out

Typical game of this build against the role’s standard build, running totals by minute

  • This build
  • Standard pond

Metal produced

010k20k
0:005:0010:0015:00

metal

Enemy metal destroyed

02k4k
0:005:0010:0015:00

metal

Own metal lost

02k4k
0:005:0010:0015:00

metal

16 games.

Show as table
ByMetal produced: This buildMetal produced: Standard pondEnemy metal destroyed: This buildEnemy metal destroyed: Standard pondOwn metal lost: This buildOwn metal lost: Standard pond
1:001151150000
2:003042860000
3:009028230000
4:00157514950000
5:0022692264110210
6:002926311021801150
7:0036824051308051450
8:0045974874391168854150
9:00561763894065291097482
10:007175823972712291245836
11:0088319878727152017161174
12:001089712114871167024811380
13:001300614112881197527061612
14:001423116438973253030202849
15:0017130189131325307037983894
WHAT THE NUMBERS SAY

Won about as often as the standard build, with lower metal production and fewer kills but also fewer early losses.

  • + Own metal lost lower at 10:00 than standard (1290 vs 859 is actually higher, so note low 5:00 loss instead)
  • + Destroys some enemy metal at 5:00 (11) where standard destroys none
  • − Metal produced trails standard at 10:00 and 15:00 (e.g. 17130 vs 18990 at 15:00)
  • − Enemy metal destroyed is lower than standard at every later checkpoint
THE EXAMPLE YOU ARE READING

krtf

42.4 OS · 11/09/2026

Open source match ↗

6 received units · includes a constructor
922 metal received · 66671 energy received

Allied construction assistance is unknown. Timings are observations, not a promise of solo reproducibility.

Typical milestones

Aircraft Plant3:38Middle 50%: 3:28–3:57 · n=16
Advanced Metal Extractor8:26Middle 50%: 7:47–9:04 · n=11

Played most by

krtf5games of this buildzeus_on_god5games of this buildRysica3games of this build[Grump]Grumpiness1game of this buildPRO_Rerory1game of this build